 Dungeon Crawl Stone Soup version 0.25-a0-108-gda8bd6cf83 (console) character file.

Game seed: 16294189588413715000, levelgen mode: deterministic

40677 Kagalorn the Thaumaturge (level 14, -6/106 HPs)
             Began as a Gnoll Air Elementalist on Nov 18, 2019.
             Was a High Priest of Ashenzari.
             Mangled by Snorg (8 damage)
             ... on level 9 of the Dungeon.
             The game lasted 01:20:42 (24570 turns).

Kagalorn the Thaumaturge (Gnoll Air Elementalist)  Turns: 24570, Time: 01:20:43

Health: -6/106     AC: 19    Str: 12    XL:     14   Next: 12%
Magic:  16/37      EV: 19    Int: 21    God:    Ashenzari [*****.]
Gold:   1168       SH:  0    Dex: 16    Spells: 23/33 levels left

rFire    . . .     SeeInvis +   L - +0 demon blade (elec)
rCold    + . .     Gourm    .   (no shield)
rNeg     . . .     Faith    .   H - +3 ring mail {rC+} (curse)
rPois    .         Spirit   .   (no helmet)
rElec    .         Reflect  .   V - +0 cloak
rCorr    .         Harm     .   y - +2 pair of gloves (curse)
MR       +....     Clarity  +   m - +2 pair of boots (curse)
Stlth    ++++......             R - amulet of magic regeneration
HPRegen  0.27/turn              N - ring of wizardry (curse)
MPRegen  0.50/turn              E - ring of magical power (curse)

@: no status effects
A: distributed training, fangs 1, strong nose
a: Curse Item, Scrying, Renounce Religion


You were on level 9 of the Dungeon.
You worshipped Ashenzari.
Ashenzari was extremely pleased with you.
You were not hungry.

You visited 4 branches of the dungeon, and saw 18 of its levels.
You also visited: Ossuary.

You collected 1168 gold pieces.

Inventory:

Hand Weapons
 r - a +1 short sword of venom
 w - a +1 demon trident of flaming
 B - a +1 dagger of electrocution
 C - a +1 flail of holy wrath
 F - a +2 falchion of freezing
 L - a +0 demon blade of electrocution (weapon)
Missiles
 g - 224 bolts
 h - 291 arrows
 k - 406 stones
 t - 96 sling bullets
 u - 2 javelins
 D - 4 throwing nets
 X - 11 poisoned darts (quivered)
 Z - 3 silver javelins
Armour
 m - a cursed +2 pair of boots (worn)
 y - a cursed +2 pair of gloves (worn)
 H - a cursed +3 ring mail of cold resistance (worn)
 V - a +0 cloak (worn)
Jewellery
 E - a cursed ring of magical power (right hand)
 G - an uncursed ring of positive energy
 M - an uncursed amulet of guardian spirit
 N - a cursed ring of wizardry (left hand)
 R - an amulet of magic regeneration (around neck)
 U - an uncursed ring of fire
Wands
 p - a wand of enslavement (6)
 I - a wand of iceblast (9)
 Y - a wand of acid (6)
Scrolls
 d - 4 scrolls of fear
 e - 3 scrolls of amnesia
 i - 3 scrolls of enchant armour
 l - 4 scrolls of identify
 o - a scroll of brand weapon
 q - 2 scrolls of magic mapping
 s - a scroll of silence
 J - 6 scrolls of teleportation
 K - 2 scrolls of enchant weapon
 P - 6 scrolls of remove curse
 S - 3 scrolls of blinking
Potions
 a - 4 potions of agility
 b - 7 potions of brilliance
 f - 4 potions of flight
 j - 3 potions of curing
 n - 2 potions of heal wounds
 v - 3 potions of magic
 x - 2 potions of invisibility
 z - a potion of berserk rage
 A - 4 potions of haste
 O - 3 potions of lignification
 Q - a potion of resistance
 T - 2 potions of mutation
 W - 2 potions of might
Comestibles
 c - 20 rations


   Skills:
 + Level 8.8 Fighting
 + Level 8.8 Short Blades
 + Level 8.8 Long Blades
 + Level 8.8 Axes
 + Level 8.8 Maces & Flails
 + Level 8.8 Polearms
 + Level 8.8 Staves
 + Level 8.8 Slings
 + Level 8.8 Bows
 + Level 8.8 Crossbows
 + Level 8.8 Throwing
 + Level 8.8(11.4) Armour
 + Level 9.9(12.4) Dodging
 + Level 9.7 Stealth
 + Level 8.8 Shields
 + Level 8.8 Unarmed Combat
 + Level 10.1 Spellcasting
 + Level 7.6(10.3) Conjurations
 + Level 7.3(10.0) Hexes
 + Level 7.3(10.0) Charms
 + Level 7.3(10.0) Summonings
 + Level 7.3(10.0) Necromancy
 + Level 7.3(10.0) Translocations
 + Level 7.3(10.0) Transmutations
 + Level 7.3(10.0) Fire Magic
 + Level 7.3(10.0) Ice Magic
 + Level 9.2(11.7) Air Magic
 + Level 7.3(10.0) Earth Magic
 + Level 7.3(10.0) Poison Magic
 + Level 9.6 Invocations
 + Level 8.8(11.4) Evocations


You had 23 spell levels left.
You knew the following spells:

 Your Spells              Type           Power        Failure   Level  Hunger
a - Shock                 Conj/Air       ####         1%          1    None
b - Static Discharge      Conj/Air       ######..     1%          3    None
c - Airstrike             Air            ######....   1%          4    ##.....
g - Swiftness             Chrm/Air       ######..     1%          2    None

Your spell library contained the following spells:

 Spells                   Type           Power        Failure   Level  Hunger
 Corona                   Hex            ######.      1%          1    None
 Corpse Rot               Necr           N/A          1%          2    None
 Slow                     Hex            ######..     1%          2    None
 Inner Flame              Hex/Fire       ######..     1%          3    None
 Portal Projectile        Hex/Tloc       ######       1%          3    None
 Stone Arrow              Conj/Erth      ######       1%          3    None
 Cause Fear               Hex            ######....   1%          4    ##.....
 Leda's Liquefaction      Hex/Erth       ######....   1%          4    ##.....
 Lightning Bolt           Conj/Air       ######....   1%          5    ####...
 Summon Forest            Summ/Tloc      ######....   2%          5    ####...
 Hydra Form               Tmut           ######....   12%         6    ######.
 Summon Hydra             Summ           ######....   52%         7    #######


Dungeon Overview and Level Annotations

Branches:
Dungeon (10/15)            Temple (1/1) D:4            Lair (6/6) D:10
 Shoals (0/4) Lair:4        Snake (0/4) Lair:3        Slime (0/5) Lair:5
    Orc (1/2) D:9         Ossuary (visited)

Altars:
Ashenzari
Cheibriados
Dithmenos
Elyvilon
Fedhas
Gozag
Hepliaklqana
Kikubaaqudgha
Makhleb
Nemelex Xobeh
Okawaru
Qazlal
Ru
Sif Muna
Trog
Uskayaw
Vehumet
Wu Jian
Xom
Yredelemnul
Zin
The Shining One

Shops:
D:10 (

Annotations:
D:9 Snorg


Innate Abilities, Weirdness & Mutations

Your experience applies equally to all skills.
You have very sharp teeth.
Your uncanny sense of smell can sniff out nearby items.


Message History

Snorg is struck by an arc of lightning!
Snorg is severely wounded.
You are struck by an arc of lightning.
Snorg is struck by an arc of lightning!
Snorg is severely wounded.
The lightning grounds out.
Snorg barely misses you. Snorg claws you! Snorg claws you.
* * * LOW HITPOINT WARNING * * *
Casting: Static Discharge (safe; 1% risk of failure)
Confirm with . or Enter, or press ? or * to list all spells.
Snorg is struck by an arc of lightning!
Snorg is almost dead.
You are struck by an arc of lightning.
* * * LOW HITPOINT WARNING * * *
The lightning grounds out.
Snorg bites you but does no damage. Snorg claws you but does no damage.
Snorg claws you!
* * * LOW HITPOINT WARNING * * *
Snorg bites you!
* * * LOW HITPOINT WARNING * * *
Snorg claws you!
You die...

.........................# #.
...#########'#########...# #.
...#.................#...#######.
...'............)....#...........
...#.................#...........
...#.................#...........
...#.................#..#########
...##'##'#############..# #
................@.......# #
.................T......# #
........................# #
........................#########
.................................
.................................
.############'#....#########.....
.#............#....#.........#'#.
.'............#....#.........#_#.


You could see Snorg (berserk).

Vanquished Creatures
  A dire elephant (Lair:6)
  Josephine (Lair:5)
  4 hydras
  A catoblepas (Lair:6)
  A deep troll shaman (Lair:6)
  8 death yaks
  Urug (Lair:3)
  Maurice (D:8)
  3 merfolk sirens (Lair:4)
  6 black mambas
  7 elephants (Lair:6)
  9 spiny frogs
  4 rime drakes
  6 komodo dragons
  A polar bear (Lair:5)
  2 trolls (D:8)
  A merfolk (Lair:4)
  10 blink frogs
  7 hippogriffs
  3 wyverns
  6 wraiths
  22 yaks
  A basilisk (Lair:6)
  2 hungry ghosts
  4 nagas (Lair:3)
  9 water moccasins
  5 porcupines
  Duvessa (D:4)
  5 orc warriors
  2 ice beasts
  6 black bears
  2 phantoms
  A sky beast (D:9)
  9 wolves
  6 necrophages (Lair:4)
  3 ogres
  5 centaurs
  12 crocodiles
  16 bullfrogs
  Dowan (D:4)
  A wyvern skeleton (D:9)
  8 scorpions
  7 killer bees
  5 wights (D:7)
  An electric eel (Lair:4)
  A vampire bat (Lair:6)
  4 howler monkeys
  2 bullfrog zombies
  4 crimson imps
  3 hounds
  2 bullfrog skeletons
  3 jellies
  5 orc priests
  15 orc wizards
  Terence (D:2)
  3 iguanas
  10 worker ants
  A hound zombie (D:5)
  3 mummies (Ossuary)
  3 worker ant zombies
  13 gnolls
  10 adders
  3 shadow imps
  3 oozes
  An adder zombie (D:5)
  An adder skeleton (D:9)
  5 worms
  2 leopard geckos (D:6)
  50 orcs
  2 ball pythons
  6 giant cockroaches
  7 goblins
  4 hobgoblins
  11 kobolds
  7 quokkas
  11 bats
  5 frilled lizards
  A gnoll zombie (Ossuary)
  4 goblin zombies (Ossuary)
  3 hobgoblin zombies (Ossuary)
  A jackal skeleton (D:8)
  3 kobold zombies (Ossuary)
  2 leopard gecko skeletons
  5 rats
  A fungus (Lair:4)
  2 plants (Lair:5)
440 creatures vanquished.

Vanquished Creatures (others)
  A howler monkey skeleton (D:8)
  2 orcs (D:8)
  A bush (Lair:5)
  29 fungi
  22 plants
55 creatures vanquished.

Grand Total: 495 creatures vanquished

Notes
Turn   | Place    | Note
-------+----------+-------------------------------------------
     0 | D:1      | Kagalorn the Gnoll Air Elementalist began the quest for the
                  | Orb.
     0 | D:1      | Reached XP level 1. HP: 13/13 MP: 6/6
   181 | D:1      | Reached XP level 2. HP: 19/19 MP: 4/7
   738 | D:2      | Reached XP level 3. HP: 25/25 MP: 6/9
   756 | D:2      | Learned a level 3 spell: Static Discharge
   767 | D:2      | Reached skill level 5 in Spellcasting
   938 | D:2      | Reached skill level 1 in Invocations
  1089 | D:2      | Found a glowing golden altar of the Shining One.
  1148 | D:2      | Noticed Terence
  1171 | D:2      | Killed Terence
  1171 | D:2      | Reached skill level 1 in Fighting
  1171 | D:2      | Reached skill level 1 in Short Blades
  1171 | D:2      | Reached skill level 1 in Long Blades
  1171 | D:2      | Reached skill level 1 in Axes
  1171 | D:2      | Reached skill level 1 in Maces & Flails
  1171 | D:2      | Reached skill level 1 in Polearms
  1171 | D:2      | Reached skill level 1 in Staves
  1171 | D:2      | Reached skill level 1 in Slings
  1171 | D:2      | Reached skill level 1 in Bows
  1171 | D:2      | Reached skill level 1 in Crossbows
  1171 | D:2      | Reached skill level 1 in Throwing
  1171 | D:2      | Reached skill level 1 in Armour
  1171 | D:2      | Reached skill level 1 in Shields
  1171 | D:2      | Reached skill level 1 in Unarmed Combat
  1171 | D:2      | Reached skill level 1 in Evocations
  1171 | D:2      | Reached XP level 4. HP: 32/32 MP: 4/11
  1242 | D:2      | Found a shadowy altar of Dithmenos.
  1251 | D:2      | You fall into a shaft and drop 2 floors!
  1497 | D:3      | Reached skill level 1 in Hexes
  1497 | D:3      | Reached skill level 1 in Charms
  1497 | D:3      | Reached skill level 1 in Summonings
  1497 | D:3      | Reached skill level 1 in Necromancy
  1497 | D:3      | Reached skill level 1 in Translocations
  1497 | D:3      | Reached skill level 1 in Transmutations
  1497 | D:3      | Reached skill level 1 in Fire Magic
  1497 | D:3      | Reached skill level 1 in Ice Magic
  1497 | D:3      | Reached skill level 1 in Earth Magic
  1497 | D:3      | Reached skill level 1 in Poison Magic
  1681 | D:3      | Reached XP level 5. HP: 19/37 MP: 6/12
  1914 | D:3      | Found a sacrificial altar of Ru.
  1915 | D:3      | Found a stormy altar of Qazlal.
  2566 | D:2      | Found a shimmering altar of Xom.
  2567 | D:2      | Found a shimmering altar of Xom.
  2582 | D:2      | Found a shimmering altar of Xom.
  3040 | D:4      | Reached XP level 6. HP: 32/44 MP: 5/13
  3043 | D:4      | Noticed Duvessa
  3169 | D:4      | Noticed Dowan
  3180 | D:4      | Killed Duvessa
  3180 | D:4      | Reached skill level 5 in Dodging
  3182 | D:4      | Killed Dowan
  3182 | D:4      | Reached XP level 7. HP: 20/50 MP: 0/15
  3484 | D:4      | Found a staircase to the Ecumenical Temple.
  3488 | Temple   | Entered the Ecumenical Temple
  3706 | Temple   | Became a worshipper of Ashenzari the Shackled
  3864 | D:4      | Found an ancient bone altar of Kikubaaqudgha.
  4033 | D:5      | Entered Level 5 of the Dungeon
  4051 | D:5      | Found an iron altar of Okawaru.
  4393 | D:5      | Found a hazy altar of Hepliaklqana.
  4506 | D:5      | Reached skill level 5 in Stealth
  4944 | D:5      | Reached XP level 8. HP: 57/57 MP: 16/16
  5025 | D:5      | Found a white marble altar of Elyvilon.
  5481 | D:6      | Learned a level 2 spell: Swiftness
  5501 | D:6      | Reached * piety under Ashenzari
  5578 | D:6      | Reached skill level 6 in Spellcasting
  6634 | D:7      | Reached XP level 9. HP: 65/65 MP: 18/18
  7105 | D:8      | Noticed Maurice
  7273 | D:8      | Killed Maurice
  7294 | D:8      | Noticed a troll
  7658 | D:8      | Found a sand-covered staircase.
  7663 | Ossuary  | Entered an ossuary
  8195 | D:8      | Reached skill level 5 in Invocations
  8279 | D:8      | Killed a troll
  8279 | D:8      | Reached skill level 7 in Spellcasting
  8279 | D:8      | Reached XP level 10. HP: 33/73 MP: 20/20
  8312 | D:8      | Reached ** piety under Ashenzari
  8932 | D:8      | Found a shimmering blue altar of Sif Muna.
  9007 | D:9      | Found a staircase to the Orcish Mines.
  9069 | D:8      | Reached skill level 5 in Fighting
  9069 | D:8      | Reached skill level 5 in Short Blades
  9069 | D:8      | Reached skill level 5 in Long Blades
  9069 | D:8      | Reached skill level 5 in Axes
  9069 | D:8      | Reached skill level 5 in Maces & Flails
  9069 | D:8      | Reached skill level 5 in Polearms
  9069 | D:8      | Reached skill level 5 in Staves
  9069 | D:8      | Reached skill level 5 in Slings
  9069 | D:8      | Reached skill level 5 in Bows
  9069 | D:8      | Reached skill level 5 in Crossbows
  9069 | D:8      | Reached skill level 5 in Throwing
  9069 | D:8      | Reached skill level 5 in Armour
  9069 | D:8      | Reached skill level 5 in Shields
  9069 | D:8      | Reached skill level 5 in Unarmed Combat
  9069 | D:8      | Reached skill level 5 in Evocations
  9392 | D:9      | Found a radiant altar of Vehumet.
  9472 | D:9      | Found an ornate altar of the Wu Jian Council.
  9852 | D:9      | Found a hide-covered altar of Uskayaw.
 10165 | D:10     | Entered Level 10 of the Dungeon
 10165 | D:10     | Reached *** piety under Ashenzari
 10227 | D:10     | Found Poxevit's Antique Weapon Emporium.
 10295 | D:10     | Reached skill level 5 in Conjurations
 10420 | D:10     | Found a staircase to the Lair.
 11126 | D:10     | Reached XP level 11. HP: 76/81 MP: 22/22
 11382 | Lair:1   | Entered Level 1 of the Lair of Beasts
 12202 | Lair:2   | Reached skill level 5 in Hexes
 12202 | Lair:2   | Reached skill level 5 in Charms
 12202 | Lair:2   | Reached skill level 5 in Summonings
 12202 | Lair:2   | Reached skill level 5 in Necromancy
 12202 | Lair:2   | Reached skill level 5 in Translocations
 12202 | Lair:2   | Reached skill level 5 in Transmutations
 12202 | Lair:2   | Reached skill level 5 in Fire Magic
 12202 | Lair:2   | Reached skill level 5 in Ice Magic
 12202 | Lair:2   | Reached skill level 5 in Earth Magic
 12202 | Lair:2   | Reached skill level 5 in Poison Magic
 12725 | Lair:2   | Found an iron altar of Okawaru.
 12800 | Lair:2   | Reached skill level 8 in Spellcasting
 13069 | Lair:2   | Reached **** piety under Ashenzari
 13114 | Lair:2   | Identified the +2 robe of Proximity {rC+ Str+4 Int-5}
 13339 | Lair:2   | Identified the +1 leather armour of Hisidd {*Contam MR-
                  | Str+7}
 14208 | Lair:3   | Noticed Urug
 14226 | Lair:3   | Killed Urug
 14620 | Lair:3   | Found a staircase to the Snake Pit.
 14700 | Lair:3   | Reached XP level 12. HP: 77/89 MP: 22/24
 15847 | Lair:4   | Noticed a five-headed hydra
 15878 | Lair:4   | Killed a five-headed hydra
 16722 | Lair:4   | Reached ***** piety under Ashenzari
 17206 | Lair:4   | HP: 4/91 [poisoned by a spiny frog]
 17211 | Lair:4   | HP: 3/91 [poisoned by a spiny frog]
 17216 | Lair:4   | HP: 2/91 [poisoned by a spiny frog]
 17224 | Lair:4   | HP: 2/91 [poisoned by a spiny frog]
 17655 | Lair:4   | Found a staircase to the Shoals.
 18078 | Lair:5   | Noticed an eight-headed hydra
 18163 | Lair:5   | Learned a level 4 spell: Airstrike
 18171 | Lair:5   | Killed an eight-headed hydra
 18171 | Lair:5   | Reached skill level 9 in Spellcasting
 18333 | Lair:5   | Found a staircase to the Slime Pits.
 18534 | Lair:5   | Noticed a death yak
 18561 | Lair:5   | Killed a death yak
 18601 | Lair:5   | Noticed a death yak
 18601 | Lair:5   | Noticed a death yak
 18628 | Lair:5   | Killed a death yak
 18702 | Lair:5   | Noticed a death yak
 19025 | Lair:5   | Noticed a death yak
 19066 | Lair:5   | Noticed a death yak
 19100 | Lair:4   | Killed a death yak
 19652 | Lair:6   | Entered Level 6 of the Lair of Beasts
 19674 | Lair:6   | Reached XP level 13. HP: 85/98 MP: 26/26
 21293 | Lair:6   | Noticed Josephine
 21461 | Lair:5   | Killed Josephine
 23183 | Lair:6   | Reached skill level 10 in Spellcasting
 23225 | Lair:6   | Reached XP level 14. HP: 85/106 MP: 28/28
 23489 | Lair:6   | Noticed a dire elephant
 23911 | Lair:6   | Killed a dire elephant
 24557 | Orc:1    | Entered Level 1 of the Orcish Mines
 24557 | Orc:1    | Noticed Snorg
 24570 | D:9      | HP: 2/106 [Snorg (9)]
 24570 | D:9      | Mangled by Snorg

Levels and vault maps discovered:
D:1:      minmay_arrival_checkered_box, layout_loops_ring
D:2:      minmay_kobold_bridge, layout_loops_ring, xom_redecorated,
          nicolae_tso_carved_into_rock, nicolae_dithmenos_shadow_blocks,
          uniq_terence
D:3:      layout_loops_ring, gammafunk_temple_overflow_pools, serial_forest,
          infiniplex_forest_clump_double, infiniplex_forest_straight_5,
          infiniplex_forest_clump_diagonal, infiniplex_forest_lined_2,
          infiniplex_forest_clump_tiny, infiniplex_forest_clump_small,
          infiniplex_forest_end_double
D:4:      layout_cave_pools, nicolae_overflow_hidden_temple,
          minmay_temple_entry_grid, uniq_duvessa
D:5:      layout_basic, marbit_many_paths, old_standard_altar, kennysheep_mini,
          first_ration
D:6:      layout_basic, lightli_minifort
D:7:      layout_rooms
D:8:      layout_cave_pools, led_sif_book, enter_ossuary_2, uniq_maurice
D:9:      layout_irregular_city, overflow_temple_1_default,
          kennysheep_mini_moat, fiery_altar_vehumet, orc_0_dummy
D:10:     layout_basic, due_lair_maze_entry_diamond, serial_shops, shop
Temple:   jpeg_temple_island
Lair:1:   statuecave_lemuel, layout_regular_city
Lair:2:   layout_layer_cave, basic_altar, grunt_megastairs_2
Lair:3:   layout_layer_cave, minmay_snake_entry_guardpost_medium, uniq_urug
Lair:4:   layout_concentric_octagons, elwin_shoals_entry_stream,
          roderic_carrion_pond, infiniplex_staircase_pool
Lair:5:   layout_regular_city, slime_dummy
Lair:6:   grunt_lair_end_beastmaster, layout_regular_city, roderic_batcave,
          grunt_forest_small_clearings, uniq_josephine
Orc:1:    layout_diamond_mine, uniq_snorg

Skill      XL: |  1  2  3  4  5  6  7  8  9 10 11 12 13 |
---------------+----------------------------------------+-----
Conjurations   | 2 3 4 5 6 7 |  7.6
Spellcasting   | 5 6 7 8 9 10 | 10.1
Invocations    | 1 2 3 4 5 6 7 8 9 |  9.6
Fighting       | 1 2 3 4 5 6 7 8 |  8.8
Short Blades   | 1 2 3 4 5 6 7 8 |  8.8
Long Blades    | 1 2 3 4 5 6 7 8 |  8.8
Axes           | 1 2 3 4 5 6 7 8 |  8.8
Maces & Flails | 1 2 3 4 5 6 7 8 |  8.8
Polearms       | 1 2 3 4 5 6 7 8 |  8.8
Staves         | 1 2 3 4 5 6 7 8 |  8.8
Slings         | 1 2 3 4 5 6 7 8 |  8.8
Bows           | 1 2 3 4 5 6 7 8 |  8.8
Crossbows      | 1 2 3 4 5 6 7 8 |  8.8
Throwing       | 1 2 3 4 5 6 7 8 |  8.8
Armour         | 1 2 3 4 5 6 7 8 |  8.8
Shields        | 1 2 3 4 5 6 7 8 |  8.8
Unarmed Combat | 1 2 3 4 5 6 7 8 |  8.8
Evocations     | 1 2 3 4 5 6 7 8 |  8.8
Hexes          | 1 2 3 4 5 6 7 |  7.3
Charms         | 1 2 3 4 5 6 7 |  7.3
Summonings     | 1 2 3 4 5 6 7 |  7.3
Necromancy     | 1 2 3 4 5 6 7 |  7.3
Translocations | 1 2 3 4 5 6 7 |  7.3
Transmutations | 1 2 3 4 5 6 7 |  7.3
Fire Magic     | 1 2 3 4 5 6 7 |  7.3
Ice Magic      | 1 2 3 4 5 6 7 |  7.3
Earth Magic    | 1 2 3 4 5 6 7 |  7.3
Poison Magic   | 1 2 3 4 5 6 7 |  7.3
Dodging        | 5 6 7 8 9 |  9.9
Stealth        | 5 6 7 8 9 |  9.7
Air Magic      | 6 7 8 9 |  9.2

Action                   |  1- 3 |  4- 6 |  7- 9 | 10-12 | 13-15 || total
-------------------------+-------+-------+-------+-------+-------++-------
Melee: Unarmed           |     1 |       |       |       |       ||     1
       Short sword       |       |    36 |    11 |    71 |       ||   118
       Rapier            |       |     6 |       |       |       ||     6
       Bite              |       |     4 |    23 |    11 |     3 ||    41
       Falchion          |       |       |    91 |    15 |       ||   106
       Punch             |       |       |     3 |     5 |     5 ||    13
       Flail             |       |       |    32 |    32 |       ||    64
       Demon trident     |       |       |       |    19 |    42 ||    61
 Cast: Shock             |    45 |   100 |   242 |   694 |   202 ||  1283
       Static Discharge  |       |     2 |    16 |    54 |   113 ||   185
       Swiftness         |       |       |     2 |     2 |     1 ||     5
       Airstrike         |       |       |       |    18 |    65 ||    83
Invok: Curse Item        |       |       |     2 |     3 |       ||     5
Evoke: Wand              |       |       |       |     2 |     7 ||     9
  Use: Scroll            |       |       |     1 |    21 |     1 ||    23
       Potion            |       |       |       |     3 |       ||     3
 Stab: Sleeping          |       |     2 |     7 |    12 |       ||    21
       Distracted        |       |       |     1 |     1 |       ||     2
  Eat: Chunk             |       |     6 |    10 |    16 |    11 ||    43
       Ration            |       |       |     2 |     6 |     3 ||    11
Armor: Robe              |     4 |    12 |    11 |       |       ||    27
       Leather armour    |       |       |    36 |    56 |       ||    92
       Ring mail         |       |       |       |   123 |    99 ||   222
Dodge: Dodged            |     8 |    39 |   208 |   424 |   236 ||   915
       Rpst.: Falchion   |       |       |    31 |     5 |       ||    36
       Demon blade       |       |       |       |       |     1 ||     1

Table legend:
 A = Non-vault XP
 B = Vault XP
 C = Vault XP percentage of total XP
 D = Non-vault monster count
 E = Vault monster count
 F = Vault count percentage of total count
                 A         B        C        D         E       F
            +---------+---------+-------+---------+---------+-------
      Total |   41680 |   16430 |  28.3 |     353 |      84 |  19.2
            +---------+---------+-------+---------+---------+-------
        D:1 |      24 |       0 |   0.0 |      13 |       0 |   0.0
        D:2 |      66 |      41 |  38.3 |      16 |       4 |  20.0
        D:3 |     131 |       0 |   0.0 |      29 |       0 |   0.0
        D:4 |     202 |     228 |  53.0 |      14 |       2 |  12.5
        D:5 |     623 |      32 |   4.9 |      31 |       1 |   3.1
        D:6 |     668 |     143 |  17.6 |      28 |       3 |   9.7
        D:7 |    1146 |       0 |   0.0 |      27 |       0 |   0.0
        D:8 |    1966 |     250 |  11.3 |      26 |       3 |  10.3
        D:9 |    1312 |       0 |   0.0 |      26 |       0 |   0.0
       D:10 |    1601 |     948 |  37.2 |      26 |      10 |  27.8
     Lair:1 |    1511 |       0 |   0.0 |       8 |       0 |   0.0
     Lair:2 |    2726 |     518 |  16.0 |      14 |       2 |  12.5
     Lair:3 |    2833 |    1462 |  34.0 |      15 |       5 |  25.0
     Lair:4 |    4442 |    2450 |  35.5 |      14 |      10 |  41.7
     Lair:5 |    8616 |    1233 |  12.5 |      21 |       2 |   8.7
     Lair:6 |   13813 |    8844 |  39.0 |      45 |      28 |  38.4
    Ossuary |       0 |     281 | 100.0 |       0 |      14 | 100.0
            +---------+---------+-------+---------+---------+-------
